 Dungeon Crawl Stone Soup version 0.27.1-1-g398f81649c (webtiles) character file.

Game seed: 9421905810700195603

2771 AttackTheMoon the Skirmisher (level 9, -3/75 (78) HPs)
             Began as a Grey Draconian Chaos Knight on Sept 6, 2021.
             Was a Plaything of Xom.
             Slain by a wight (9 damage)
             ... on level 8 of the Dungeon.
             The game lasted 00:19:53 (9038 turns).

AttackTheMoon the Skirmisher (DrCK)                 Turns: 9038, Time: 00:19:54

HP:   -3/75 (78)    AC: 13    Str: 11    XL:     9   Next: 42%
MP:   15/15         EV: 13    Int: 12    God:    Xom [.*....]
Gold: 394           SH:  4    Dex: 10    Spells: 13/16 levels left

rFire    . . .     SeeInvis .   p - +9 quarterstaff of Row Iwki {freeze, rC+ Stlth+}
rCold    + . .     Faith    .   (shield currently unavailable)
rNeg     + . .     Spirit   .   (armour unavailable)
rPois    .         Reflect  .   (helmet restricted)
rElec    .         Harm     .   v - +0 cloak
rCorr    .         Rampage  .   (no gloves)
Will     .....     Clarity  +   (no boots)
Stlth    +++.......             (no amulet)
HPRegen  0.22/turn              l - ring of positive energy
MPRegen  0.14/turn              (no ring)

@: lightly drained
A: AC +12, amphibious, unfitting armour, cold-blooded, hooves 1, large bone
plates 1, clarity, clumsy 1, dopey 1, weak 2
a: Renounce Religion


You were on level 8 of the Dungeon.
You worshipped Xom.
You were a plaything of Xom.
You visited 1 branch of the dungeon, and saw 8 of its levels.

You collected 394 gold pieces.

Inventory:

Hand Weapons
 a - a +1 mace of electrocution
 p - the +9 quarterstaff of Row Iwki (weapon) {freeze, rC+ Stlth+}
   (You found it on level 5 of the Dungeon)

   It freezes those it strikes, dealing additional cold damage.
   It can also slow down cold-blooded creatures.
   rC:        It protects you from cold.
   Stlth:     It makes you more stealthy.
 t - the +2 scimitar of Theory {vorpal, *Rage rPois rF+ Dex+4}
   (You found it on level 6 of the Dungeon)

   It inflicts extra damage upon your enemies.
   Dex:       It affects your dexterity (+4).
   rF:        It protects you from fire.
   rPois:     It protects you from poison.
   *Rage:     It may make you go berserk in combat.
Missiles
 b - 7 atropa-tipped darts
 e - 7 silver javelins (quivered)
 o - a throwing net
Armour
 d - a +0 kite shield
 f - a +0 scale mail
 r - a +2 barding
 v - a +0 cloak (worn)
Jewellery
 l - a ring of positive energy (left hand)
Wands
 j - a wand of iceblast (7)
Scrolls
 n - 2 scrolls of noise
 q - a scroll of fog
 u - a scroll of enchant armour {unknown}
Potions
 c - 3 potions of heal wounds {unknown}
 h - a potion of haste {unknown}
 k - 4 potions of degeneration
 m - a potion of berserk rage {unknown}
 s - a potion of curing


   Skills:
 + Level 6.8 Fighting
 - Level 4.7(5.3) Maces & Flails
 + Level 3.5(4.7) Staves
 + Level 5.3 Dodging
 + Level 3.3 Stealth
 - Level 2.1 Shields
 + Level 4.1 Spellcasting
 + Level 4.7 Translocations
 + Level 4.3 Earth Magic


You had 13 spell levels left.
You knew the following spells:

 Your Spells              Type           Power      Damage    Failure   Level
a - Blink                 Tloc           N/A        N/A       4%          2
b - Beastly Appendage     Tmut           4%         N/A       22%         1

Your spell library contained the following spells:

 Spells                   Type           Power      Damage    Failure   Level
 Lesser Beckoning         Tloc           6%         N/A       10%         3
 Magic Dart               Conj           8%         1d3       22%         1
 Call Imp                 Summ           2%         N/A       32%         2
 Corpse Rot               Necr/Air       N/A        N/A       32%         2
 Poisonous Vapours        Pois/Air       4%         N/A       32%         2
 Sublimation of Blood     Necr           1%         N/A       32%         2
 Wereblood                Tmut           2%         N/A       32%         2
 Mephitic Cloud           Conj/Pois/Air  2%         N/A       54%         3
 Spider Form              Tmut/Pois      1%         N/A       54%         3
 Manifold Assault         Tloc           13%        N/A       65%         5
 Airstrike                Air            1%         N/A       91%         4
 Summon Lightning Spire   Summ/Air       2%         N/A       91%         4
 Freezing Cloud           Conj/Ice/Air   1%         6-21      99%         5
 Lightning Bolt           Conj/Air       1%         1d12      99%         5
 Storm Form               Tmut/Air       1%         N/A       100%        7
 Summon Hydra             Summ           1%         N/A       100%        7


Dungeon Overview and Level Annotations

Branches:
Dungeon (8/15)             Temple (0/1) D:4
   Lair: D:8-11

Altars:
Ashenzari
Elyvilon
Fedhas
Gozag
Qazlal
Trog
Xom


Innate Abilities, Weirdness & Mutations

Your dull iron-grey scales are very hard. (AC +12)
You are amphibious.
You cannot fit into any form of body armour.
You are cold-blooded and may be slowed by cold attacks.
You have large cloven feet.
You are partially covered in large bone plates. (SH +4)
You possess an exceptional clarity of mind.
You are clumsy. (Dex -2)
You are dopey. (Int -2)
You are very weak. (Str -4)


Message History

The wight is heavily damaged.
You block the wight's attack.
The wight hits you with a +2 dire flail of freezing!
* * * LOW HITPOINT WARNING * * *
You partially resist.
You feel drained.
* * * LOW HITPOINT WARNING * * *
The wight freezes you.
* * * LOW HITPOINT WARNING * * *
You barely miss the wight.
The wight is heavily damaged.
The wight hits you but does no damage. x2
You barely miss the wight.
Your tail-slap misses the wight.
The wight is heavily damaged.
The wight misses you. The wight closely misses you.
You barely miss the wight.
The wight is heavily damaged.
The wight completely misses you. The wight misses you.
You sock the wight! You freeze the wight.
You destroy the wight!
The wight hits you but does no damage.
You hit the wight but do no damage. The wight hits you with a +4 battleaxe!
* * * LOW HITPOINT WARNING * * *
You partially resist.
You feel drained.
* * * LOW HITPOINT WARNING * * *
You sock the wight! You freeze the wight.
The wight is severely damaged.
The wight closely misses you.
You closely miss the wight.
The wight is severely damaged.
The wight closely misses you.
You barely miss the wight.
The wight is severely damaged.
The wight completely misses you. The wight hits you with a +4 battleaxe.
* * * LOW HITPOINT WARNING * * *
You partially resist.
You feel drained.
You closely miss the wight. You kick the wight, but do no damage.
You tail-slap the wight.
The wight is almost destroyed.
The wight hits you with a +4 battleaxe!
You die...

..........{))..### ###
........#####.#############.#
....^...# #.# #.......#
.......# #.#######.#####.#
.z....# #...).....# #)#
#....# #...).....# #)# #....#
#...))....#####)#
#....#####)........#...#.#
#.[.......@........#...#.#
#.ยง.......z.......##...#.#
#.................##...#.#
#.................##...#.##
...................##.....(.
.............#########.......
..............# ####.......
####..........# #..........
#..........# #.####.....


You could see a wight.

Vanquished Creatures
  Maurice (D:8)
  Joseph (D:8)
  A hornet (D:8)
  Sigmund (D:3)
  An acid dragon (D:8)
  An orc warrior (D:7)
  The ghost of nxtlvl the Ruffian, an amateur TrAK of Lugonu (D:6)
  An ogre (D:5)
  A sky beast (D:6)
  A necrophage (D:6)
  2 kobold brigands
  A scorpion (D:5)
  3 wights (D:8)
  3 centaur zombies
  2 bullfrog zombies (D:5)
  4 jellies
  2 hounds (D:5)
  2 orc priests
  A gnoll shaman (D:5)
  Natasha (D:2)
  5 orc wizards
  2 killer bee zombies
  A howler monkey zombie (D:7)
  Robin (D:3)
  11 gnolls
  9 adders
  An ufetubus (D:6)
  A worm (D:2)
  4 dart slugs
  14 orcs
  7 ball pythons
  2 endoplasms
  A giant cockroach (D:1)
  9 goblins
  10 hobgoblins
  4 jackals
  14 kobolds
  3 quokkas
  6 bats
  2 frilled lizards
  5 rats
143 creatures vanquished.

Vanquished Creatures (collateral kills)
  Natasha (twice) (D:2)
  Terence (D:2)
  2 white imps (D:7)
  A goblin (D:2)
  A bat (D:2)
7 creatures vanquished.

Vanquished Creatures (others)
  A gnoll sergeant (D:8)
  2 plants (D:4)
3 creatures vanquished.

Grand Total: 153 creatures vanquished

Notes
Turn   | Place    | Note
-------+----------+-------------------------------------------
     0 | D:1      | AttackTheMoon the Draconian Chaos Knight began the quest
                  | for the Orb.
     0 | D:1      | Reached XP level 1. HP: 19/19 MP: 1/1
   138 | D:1      | XOM: silly message
   143 | D:1      | Reached XP level 2. HP: 23/26 MP: 2/2
   267 | D:1      | XOM: divination: detect items
   466 | D:1      | XOM: silly message
   567 | D:1      | XOM: silly message
   851 | D:1      | XOM: summons 1 hostile demon
   852 | D:1      | Noticed a crimson imp
   998 | D:1      | Found a faded altar of an unknown god.
  1234 | D:2      | Noticed Terence
  1234 | D:2      | Noticed Natasha
  1237 | D:2      | XOM: cast spell 'Summon Horrible Things'
  1238 | D:2      | Killed Natasha
  1239 | D:2      | Reached XP level 3. HP: 31/33 MP: 3/3
  1239 | D:2      | Killed Terence
  1240 | D:2      | Reached skill level 4 in Fighting
  1383 | D:2      | Learned a level 2 spell: Blink
  1411 | D:2      | Reached XP level 4. HP: 38/40 MP: 4/4
  1656 | D:2      | Noticed Natasha
  1703 | D:2      | XOM: divination: detect items
  1705 | D:2      | XOM: god gift: scale mail {god gift}
  1723 | D:2      | XOM: summons 4 friendly demons
  1726 | D:2      | Killed Natasha
  1821 | D:2      | Noticed Natasha
  1836 | D:2      | Killed Natasha
  2001 | D:3      | Found a bloodstained altar of Trog.
  2033 | D:3      | Noticed Robin
  2296 | D:2      | Reached XP level 5. HP: 23/47 MP: 4/6
  2544 | D:3      | Reached skill level 1 in Translocations
  2573 | D:3      | XOM: scenery: summon butterflies
  2579 | D:3      | Noticed Sigmund
  2579 | D:3      | Found an opulent altar of Gozag.
  2579 | D:3      | XOM: 7-stop teleportation journey
  2657 | D:3      | Killed Robin
  2658 | D:3      | Reached skill level 1 in Spellcasting
  2663 | D:3      | XOM: god gift: 7 atropa-tipped darts
  2804 | D:2      | XOM: silly message
  2954 | D:3      | Killed Sigmund
  2955 | D:3      | Reached XP level 6. HP: 32/55 MP: 6/8
  3410 | D:4      | Found a broken altar of Ashenzari.
  3490 | D:4      | Found a blossoming altar of Fedhas.
  3503 | D:4      | XOM: 1-stop teleportation journey
  3517 | D:4      | XOM: scenery: 1 doors open
  3557 | D:4      | Learned a level 1 spell: Beastly Appendage
  3752 | D:4      | XOM: 3-stop teleportation journey
  3811 | D:4      | Found a staircase to the Ecumenical Temple.
  3838 | D:4      | Found a stormy altar of Qazlal.
  3861 | D:4      | XOM: cast spell 'Shadow Creatures'
  3885 | D:4      | XOM: silly message
  3968 | D:4      | Reached skill level 5 in Fighting
  4214 | D:5      | Entered Level 5 of the Dungeon
  4245 | D:5      | Noticed a two-headed ogre
  4259 | D:5      | XOM: divination: magic mapping
  4290 | D:4      | XOM: give mutations
  4290 | D:4      | Gained mutation: You are weak. (Str -2) [Xom's mischief]
  4290 | D:4      | Gained mutation: You are very weak. (Str -4) [Xom's
                  | mischief]
  4290 | D:4      | Gained mutation: You occasionally shout uncontrollably at
                  | your foes. [Xom's mischief]
  4690 | D:5      | Your scales start taking on a dull iron-grey colour.
  4690 | D:5      | Reached XP level 7. HP: 55/61 MP: 10/10
  4791 | D:5      | Reached skill level 1 in Shields
  4832 | D:5      | Identified the +9 quarterstaff of Row Iwki {freeze, rC+
                  | Stlth+}
  5371 | D:5      | Reached skill level 1 in Earth Magic
  5421 | D:5      | XOM: give mutations
  5421 | D:5      | Gained mutation: You are clumsy. (Dex -2) [Xom's mischief]
  5421 | D:5      | Gained mutation: You are dopey. (Int -2) [Xom's mischief]
  5462 | D:5      | XOM: enchant monster (good)
  5726 | D:6      | Found a white marble altar of Elyvilon.
  5901 | D:6      | Reached skill level 1 in Staves
  6046 | D:6      | XOM: stat loss: -1 Dex (8/9)
  6110 | D:6      | Reached XP level 8. HP: 60/70 MP: 10/12
  6117 | D:6      | XOM: god gift: scroll labelled HOTIUN RIUXTO {god gift}
  6169 | D:6      | Identified the +2 scimitar of Theory {vorpal, *Rage rPois
                  | rF+ Dex+4}
  6361 | D:6      | Found a runed translucent gate.
  6361 | D:6      | Found a runed translucent gate.
  6362 | D:6      | Noticed nxtlvl's ghost (amateur TrAK)
  6363 | D:6      | Found a runed translucent gate.
  6370 | D:6      | Killed nxtlvl's ghost
  6598 | D:7      | Reached skill level 1 in Stealth
  6706 | D:7      | Reached skill level 6 in Fighting
  6711 | D:7      | XOM: scenery: create altars
  6905 | D:7      | XOM: cast spell 'Call Canine Familiar'
  7065 | D:7      | XOM: polymorph wolf -> orb spider
  7590 | D:8      | XOM: give mutations
  7590 | D:8      | Gained mutation: You possess an exceptional clarity of
                  | mind. [Xom's grace]
  7590 | D:8      | Gained mutation: You have large cloven feet. [Xom's grace]
  7590 | D:8      | Gained mutation: You are partially covered in large bone
                  | plates. (SH +4) [Xom's grace]
  7600 | D:8      | XOM: cast spell 'Leda's Liquefaction'
  7637 | D:8      | Noticed Joseph
  7650 | D:8      | XOM: summons friendly shadow imp
  7651 | D:8      | XOM: summons friendly shadow imp
  7652 | D:8      | Killed Joseph
  7653 | D:8      | Reached skill level 5 in Dodging
  7653 | D:8      | Reached XP level 9. HP: 22/78 MP: 14/14
  7957 | D:8      | XOM: enchant monster (good)
  8147 | D:8      | Noticed Maurice
  8183 | D:8      | Killed Maurice
  8228 | D:8      | XOM: god gift: 24 gold pieces
  8425 | D:8      | XOM: noise
  8460 | D:8      | XOM: swap monsters
  8641 | D:8      | Paralysed by a hornet for 2 turns
  8642 | D:8      | XOM: 1-stop teleportation journey
  8724 | D:8      | XOM: give mutations
  8724 | D:8      | Lost mutation: You occasionally shout uncontrollably at
                  | your foes. [Xom's mischief]
  8724 | D:8      | Gained mutation: You are very clumsy. (Dex -4) [Xom's
                  | mischief]
  8724 | D:8      | Lost mutation: You are very clumsy. (Dex -4) [Xom's
                  | mischief]
  9038 | D:8      | Slain by a wight

Illustrated notes

Levels and vault maps discovered:
D:1:      amcnicky_arrival_double_pillar, layout_loops_corners,
          hellmonk_ecumenical_altar_heavens_door, minmay_tiny_reverse_x
D:2:      layout_rooms, uniq_terence, uniq_natasha
D:3:      layout_rooms, bloody_trog, nicolae_gozag_seed_capital, uniq_sigmund,
          uniq_robin
D:4:      layout_basic, fedhas_ov_isle_minmay, mainiacjoe_overflow_paths,
          ashenzari_conservatory_becter, minmay_temple_entry_antechambers
D:5:      layout_basic
D:6:      layout_basic, mainiacjoe_overflow_tiny_flanked,
          ebering_ghost_rock_garden
D:7:      layout_basic
D:8:      layout_basic, lemuel_crystal_altar, uniq_maurice, uniq_grum,
          uniq_joseph

Skill      XL: |  1  2  3  4  5  6  7  8  9 |
---------------+----------------------------+-----
Fighting       | 4 5 6 |  6.8
Dodging        | 3 4 5 |  5.3
Translocations | 2 3 4 |  4.7
Maces & Flails | 4 |  4.7
Spellcasting   | 1 2 3 4 |  4.1
Shields        | 2 |  2.1
Earth Magic    | 2 3 4 |  4.3
Staves         | 1 3 |  3.5
Stealth        | 2 3 |  3.3

Action                   |  1- 3 |  4- 6 |  7- 9 || total
-------------------------+-------+-------+-------++-------
Melee: Mace              |    85 |   206 |    41 ||   332
       Tailslap          |    11 |    15 |    15 ||    41
       Quarterstaff      |       |       |   181 ||   181
       Kick              |       |       |    13 ||    13
Throw: Javelin           |       |     5 |       ||     5
 Cast: Beastly Appendage |       |       |     1 ||     1
       Blink             |       |       |     2 ||     2
  Use: Scroll            |     2 |     1 |    13 ||    16
       Potion            |       |     2 |     1 ||     3
 Stab: Paralysed         |       |     1 |       ||     1
       Petrifying        |       |     1 |       ||     1
       Sleeping          |       |       |     1 ||     1
Armor: Skin              |    24 |    78 |   100 ||   202
Dodge: Dodged            |    80 |   147 |   142 ||   369
Block: Other             |       |       |    18 ||    18
